[Event "Team 45 45 League T37"]
[Site "Internet Chess Club"]
[Date "2008.05.19"]
[Round "4"]
[White "jacknor"]
[Black "nursey"]
[Result "0-1"]
[WhiteElo "1642"]
[BlackElo "1652"]
[Opening "Scotch gambit"]
[ECO "C44"]
[Time "11:33:40"]
[TimeControl "2700+45"]

1. e4 e5 2. Nf3 Nc6 3. d4 exd4 4. Bc4 Bc5 5. O-O d6 6. c3 dxc3 7. Nxc3 Bg4 8.
Bxf7+ Kxf7 9. Ng5+ Qxg5 10. Bxg5 Bxd1 11. Raxd1 Nf6 12. Bxf6 gxf6 13. Nd5 Bb6
14. Nxb6 axb6 15. a3 Rhe8 16. f3 Ke6 17. Rd3 Ne5 18. Rc3 c6 19. Rd1 d5 20. exd5+
cxd5 21. Re1 Kd6 22. Rd1 Rad8 23. b3 b5 24. Rc2 f5 25. Rcd2 Kc5 26. Rc1+ Kb6 27.
Rdc2 d4 28. Kf2 Nd3+ {White resigns} 0-1

[Event "Team 45 45 League T37"]
[Site "Internet Chess Club"]
[Date "2008.05.18"]
[Round "4"]
[White "rayonline53"]
[Black "badmove"]
[Result "1/2-1/2"]
[WhiteElo "1571"]
[BlackElo "1610"]
[Opening "Caro-Kann: advance variation"]
[ECO "B12"]
[Time "16:02:38"]
[TimeControl "2700+45"]

1. e4 c6 2. d4 d5 3. e5 c5 4. c3 Nc6 5. Be3 cxd4 6. cxd4 Bf5 7. Nf3 e6 8. Bd3
Bb4+ 9. Nc3 Bxd3 10. Qxd3 f6 11. exf6 Nxf6 12. O-O a6 13. Rac1 O-O 14. a3 Bxc3
15. Rxc3 Rc8 16. Rfc1 Qd7 17. h3 Ne7 18. Ne5 Rxc3 19. Rxc3 Qd6 20. Qc2 Nf5 21.
Rc7 Nxe3 22. fxe3 Ne4 23. Rxb7 Qd8 24. Qc6 Qf6 25. Nf3 Qh6 26. Rb3 Qg6 27. Ne5
Qf6 28. Nf3 {Game drawn by mutual agreement} 1/2-1/2

[Event "Team 45 45 League T37"]
[Site "Internet Chess Club"]
[Date "2008.05.15"]
[Round "4"]
[White "quotha"]
[Black "vaknight"]
[Result "1/2-1/2"]
[WhiteElo "1551"]
[BlackElo "1524"]
[Opening "Dutch: Staunton gambit"]
[ECO "A82"]
[Time "18:03:43"]
[TimeControl "2700+45"]

1. d4 f5 2. e4 fxe4 3. Qh5+ g6 4. Qe5 Nf6 5. Bg5 d6 6. Qf4 Nbd7 7. Nc3 c6 8.
Nxe4 Nxe4 9. Qxe4 Qa5+ 10. Bd2 Qb6 11. b3 Nf6 12. Qh4 Bf5 13. Bd3 Bxd3 14. cxd3
Qb5 15. Qg3 Bg7 16. Ne2 Qf5 17. O-O c5 18. Rac1 b6 19. Rfe1 O-O 20. Be3 Ng4 21.
dxc5 bxc5 22. Rc4 Ne5 23. Rh4 Nxd3 24. Rd1 Ne5 25. Rf4 Qh5 26. Rxf8+ Rxf8 27.
Re1 Qf5 28. Nf4 Ng4 29. Nd5 Rf7 30. h3 Nxe3 31. Nxe3 Qf4 32. Qxf4 Rxf4 33. Nd5
Rd4 34. Nxe7+ Kf8 35. Nc6 Rd2 36. Nxa7 Bd4 37. Rf1 Rxa2 38. Nb5 Ke7 39. Nxd4
cxd4 40. Rd1 Rb2 41. Rxd4 Rxb3 42. f4 Rb2 43. g4 Re2 44. Kf1 Rh2 45. Rd3 Ke6 46.
Kg1 Re2 47. f5+ gxf5 48. gxf5+ {Game drawn by mutual agreement} 1/2-1/2

[Event "Team 45 45 League T37"]
[Site "Internet Chess Club"]
[Date "2008.05.14"]
[Round "4"]
[White "SeniorCitizen"]
[Black "john-beebs"]
[Result "1-0"]
[WhiteElo "1421"]
[BlackElo "1505"]
[Opening "Danish gambit"]
[ECO "C21"]
[Time "13:58:50"]
[TimeControl "2700+45"]

1. e4 e5 2. d4 exd4 3. c3 dxc3 4. Bc4 cxb2 5. Bxb2 Nc6 6. Nf3 d6 7. e5 Qe7 8.
O-O dxe5 9. Nxe5 Be6 10. Ba3 Qf6 11. Bxe6 Nxe5 12. Bb2 Qxe6 13. Bxe5 Bd6 14.
Bxg7 O-O-O 15. Qe1 Qxe1 16. Rxe1 Ne7 17. Bxh8 Rxh8 18. Nd2 Nf5 19. Nf3 f6 20.
Re4 h5 21. Rae1 Kd7 22. Nd4 Ne7 23. Nb5 a6 24. Nxd6 Nc6 25. Nxb7 {Black resigns}
1-0

[Event "Team 45 45 League T37"]
[Site "Internet Chess Club"]
[Date "2008.05.18"]
[Round "4"]
[White "macdre"]
[Black "BigH"]
[Result "1-0"]
[WhiteElo "1917"]
[BlackElo "1654"]
[Opening "Sicilian defense"]
[ECO "B33"]
[Time "13:57:32"]
[TimeControl "2700+45"]

1. e4 c5 2. Nf3 Nc6 3. d4 cxd4 4. Nxd4 Nf6 5. Nc3 e6 6. Ndb5 a6 7. Nd6+ Bxd6 8.
Qxd6 Qe7 9. Qg3 O-O 10. Bg5 d6 11. O-O-O b5 12. a3 Bb7 13. f4 Rac8 14. e5 dxe5
15. fxe5 Nh5 16. Bxe7 Nxg3 17. hxg3 Nxe7 18. Rd7 Nd5 19. Rxb7 Nxc3 20. bxc3 Rxc3
21. Bd3 Rfc8 22. Kb2 g6 23. Rf1 R3c7 24. Rxc7 Rxc7 25. a4 Rc5 26. axb5 axb5 27.
Re1 Kg7 28. Kb3 Kh6 29. Kb4 Rd5 30. Bxb5 Rd2 31. Re2 {Black resigns} 1-0

[Event "Team 45 45 League T37"]
[Site "Internet Chess Club"]
[Date "2008.05.18"]
[Round "4"]
[White "shakkiipe"]
[Black "wango"]
[Result "1-0"]
[WhiteElo "1743"]
[BlackElo "1574"]
[Opening "QGD semi-Slav"]
[ECO "D43"]
[Time "11:10:35"]
[TimeControl "2700+45"]

1. d4 d5 2. c4 c6 3. Nf3 Nf6 4. Nc3 e6 5. Bg5 h6 6. Bh4 dxc4 7. e4 g5 8. Bg3 b5
9. Be2 Bb7 10. h4 g4 11. Ne5 h5 12. O-O Nbd7 13. Qc2 Be7 14. Rad1 Qb6 15. Nxd7
Nxd7 16. d5 O-O-O 17. dxe6 fxe6 18. b3 Nc5 19. bxc4 b4 20. Na4 Nxa4 21. Qxa4 c5
22. Qc2 Qc6 23. Rfe1 Bd6 24. Bxd6 Rxd6 25. Rxd6 Qxd6 26. Qb2 e5 27. f3 gxf3 28.
Bxf3 Qf6 29. Qf2 Ba6 30. Qxc5+ Kb7 31. Qxb4+ Ka8 32. Rd1 Rg8 33. Bxh5 Qxh4 34.
Bf3 Qf6 35. Qc5 Bb7 36. a4 Qxf3 37. Rd8+ Rxd8 38. gxf3 Rg8+ 39. Kf2 Rc8 {Black
resigns} 1-0

[Event "Team 45 45 League T37"]
[Site "Internet Chess Club"]
[Date "2008.05.15"]
[Round "4"]
[White "MrCdawg"]
[Black "sdcohle"]
[Result "1-0"]
[WhiteElo "1406"]
[BlackElo "1397"]
[Opening "King's Indian: Four pawns attack"]
[ECO "E76"]
[Time "21:58:28"]
[TimeControl "2700+45"]

1. d4 Nf6 2. c4 g6 3. Nc3 Bg7 4. e4 d6 5. f4 e6 6. Nf3 O-O 7. Be2 b6 8. d5 Bb7
9. e5 dxe5 10. fxe5 Ng4 11. Qd4 Nd7 12. Qxg4 exd5 13. cxd5 Nxe5 14. Nxe5 Bxe5
15. O-O Qd6 16. Bf4 Qc5+ 17. Kh1 Bg7 18. Rad1 Rad8 19. Bf3 Rfe8 20. d6 Bxf3 21.
Qxf3 cxd6 22. Bxd6 Qc4 23. Bg3 Rc8 24. Rd7 f5 25. h3 a6 26. Rfd1 Bf6 27. Qb7 f4
28. Bf2 Qe6 29. Bd4 Be7 30. Bxb6 {Black forfeits on time} 1-0

[Event "Team 45 45 League T37"]
[Site "Internet Chess Club"]
[Date "2008.05.16"]
[Round "4"]
[White "DumbSkillzhaha"]
[Black "searchforbobby1"]
[Result "1/2-1/2"]
[WhiteElo "2217"]
[BlackElo "2159"]
[Opening "Sicilian: Grand Prix attack"]
[ECO "B23"]
[Time "22:00:38"]
[TimeControl "2700+45"]

1. e4 c5 2. Nc3 Nc6 3. f4 g6 4. Nf3 Bg7 5. Bb5 Nd4 6. O-O Nxb5 7. Nxb5 d5 8.
exd5 a6 9. Nc3 Nf6 10. d4 c4 11. Qe2 Nxd5 12. Qxc4 Be6 13. Ng5 Nb6 14. Nxe6 Nxc4
15. Nxd8 Bxd4+ 16. Kh1 Rxd8 17. Ne2 Bg7 18. c3 O-O 19. b3 Nd2 20. Re1 Ne4 21.
Ba3 Rfe8 22. Bb4 Nf2+ 23. Kg1 Nd3 24. Ba5 Nxe1 25. Bxd8 Rxd8 26. Rxe1 Rd2 27. a4
Rb2 28. b4 Rc2 29. Kf1 e6 30. Rd1 Bxc3 31. Rd8+ Kg7 32. Rc8 Rb2 33. Rxc3 Rxb4
34. a5 Rb5 35. Ra3 b6 36. axb6 Rxb6 37. Ra5 h6 38. Kf2 f6 39. Ke3 g5 40. g3 Kg6
41. Nd4 Kh5 42. Kf3 Kg6 43. Nxe6 Rb3+ 44. Kg2 Rb2+ 45. Kh3 f5 46. Nf8+ Kf6 47.
Rxa6+ Kf7 48. Rxh6 gxf4 49. gxf4 Kxf8 50. Rf6+ Kg7 51. Rxf5 Kg6 52. Rg5+ Kf6 53.
Kg3 Rb3+ 54. Kg4 Rb2 55. h4 Rg2+ 56. Kf3 Rh2 57. h5 Rh1 58. Kg2 Rh4 59. Kg3 Rh1
60. Kg2 Rh4 61. Kf3 Rh1 62. Ke4 Re1+ 63. Kd5 Rd1+ 64. Kc6 Rf1 65. Rg8 Rh1 66.
Rf8+ Ke6 67. f5+ Ke7 68. Rh8 Kf6 69. h6 Kxf5 70. h7 Kg6 71. Rg8+ Kxh7 72. Rg2
{Game drawn by mutual agreement} 1/2-1/2

[Event "Team 45 45 League T37"]
[Site "Internet Chess Club"]
[Date "2008.05.18"]
[Round "4"]
[White "keisher415"]
[Black "Gregorio"]
[Result "1-0"]
[WhiteElo "2083"]
[BlackElo "2071"]
[Opening "Ruy Lopez: exchange variation, Alapin gambit"]
[ECO "C68"]
[Time "10:08:11"]
[TimeControl "2700+45"]

1. e4 e5 2. Nf3 Nc6 3. Bb5 a6 4. Bxc6 dxc6 5. O-O Bg4 6. h3 h5 7. d3 Qf6 8. Nbd2
Ne7 9. Re1 Ng6 10. a4 Nf4 11. hxg4 hxg4 12. g3 gxf3 13. Qxf3 Ne6 14. Qxf6 gxf6
15. Nb3 O-O-O 16. Be3 c5 17. Kg2 Nd4 18. Nxd4 cxd4 19. Bd2 Kd7 20. Rh1 Be7 21.
f4 Rdg8 22. Kf3 c5 23. b3 Ke6 24. f5+ Kd7 25. Rh4 Rc8 26. Rah1 Rhg8 27. Rh7 Ke8
28. a5 Rb8 29. g4 Rc8 30. Rg1 Rc6 31. Ra1 Rc8 32. Rc1 Bd8 33. Rh6 Rc6 34. Rch1
Rc8 35. R6h2 Be7 36. Kg3 Kd7 37. Rh7 Ke8 38. R1h6 Rc6 39. Kh4 Bf8 40. Rh8 Rxh8
41. Rxh8 Ke7 42. Kh5 Rc7 43. g5 Rc8 44. g6 fxg6+ 45. fxg6 {Black resigns} 1-0

[Event "Team 45 45 League T37"]
[Site "Internet Chess Club"]
[Date "2008.05.16"]
[Round "4"]
[White "Ehab"]
[Black "Archdruid"]
[Result "1-0"]
[WhiteElo "1870"]
[BlackElo "1684"]
[Opening "Sicilian defense"]
[ECO "B34"]
[Time "11:08:12"]
[TimeControl "2700+45"]

1. e4 c5 2. Nf3 Nc6 3. d4 cxd4 4. Nxd4 g6 5. Bc4 Bg7 6. Nxc6 bxc6 7. Qf3 e6 8.
O-O Qb6 9. Bb3 a5 10. Be3 Qb5 11. Na3 Qb7 12. Nc4 Bf8 13. Bd4 a4 14. Bxh8 axb3
15. Bg7 Qb4 16. Bxf8 Kxf8 17. axb3 Rb8 18. e5 Qe7 19. Ra7 Nh6 20. Rfa1 Qg5 21.
Nd6 Ke7 22. Rc7 Kd8 23. Rxc8+ Rxc8 24. Qxf7 Kc7 25. Qxh7 Rd8 26. Ra7+ Kb8 27.
Ra1 Qf4 28. Qe7 Rf8 29. Ne4 Ng4 30. Qb4+ Kc7 31. Qd6+ Kb6 32. Qc5+ Kc7 33. Ra7+
Kc8 34. Nd6+ Kd8 35. Ra8+ Ke7 36. Nf5+ {Black resigns} 1-0

[Event "Team 45 45 League T37"]
[Site "Internet Chess Club"]
[Date "2008.05.20"]
[Round "4"]
[White "OOB1"]
[Black "miltools"]
[Result "0-1"]
[WhiteElo "1516"]
[BlackElo "1957"]
[Opening "Sicilian"]
[ECO "B50"]
[Time "20:20:23"]
[TimeControl "2700+45"]

1. e4 c5 2. Nf3 d6 3. c3 Nf6 4. e5 dxe5 5. Nxe5 Nbd7 6. Qa4 Qc7 7. d4 cxd4 8.
cxd4 Qxc1+ 9. Ke2 Qxb2+ 10. Nd2 Qxa1 11. Nb3 Qc3 12. f3 g6 13. Kf2 Bh6 14. Bb5
a6 15. Rc1 Bxc1 16. Nc5 axb5 17. Qxa8 Qxd4+ 18. Kg3 Qxe5+ 19. Kh3 Qxc5 {White
resigns} 0-1

[Event "Team 45 45 League T37"]
[Site "Internet Chess Club"]
[Date "2008.05.17"]
[Round "4"]
[White "martineden"]
[Black "reinaroja"]
[Result "0-1"]
[WhiteElo "2020"]
[BlackElo "2187"]
[Opening "QGD semi-Slav: Meran variation"]
[ECO "D47"]
[Time "09:56:12"]
[TimeControl "2700+45"]

1. d4 d5 2. c4 e6 3. Nc3 c6 4. Nf3 Nf6 5. e3 Nbd7 6. Bd3 dxc4 7. Bxc4 b5 8. Be2
a6 9. O-O Bb7 10. a4 b4 11. Qb3 bxc3 12. Qxb7 Rb8 13. Qxa6 cxb2 14. Bxb2 Rxb2
15. a5 Qb8 16. Rfc1 c5 17. Bc4 Bd6 18. dxc5 Bxc5 19. Qc6 O-O 20. Qa4 Ba7 21. Ra2
Rb4 22. Qd1 Ne5 23. Nxe5 Qxe5 24. a6 Ne4 25. Qd3 Rb2 26. Rxb2 Qxb2 27. Rf1 Nd2
28. Rd1 Nxc4 29. Qxc4 Qb8 30. g3 Qc8 31. Qb5 Qc5 32. Qb7 Qb6 {White resigns} 0-1

[Event "Team 45 45 League T37"]
[Site "Internet Chess Club"]
[Date "2008.05.19"]
[Round "4"]
[White "ChevalNoir"]
[Black "mitus"]
[Result "0-1"]
[WhiteElo "2015"]
[BlackElo "1955"]
[Opening "Bogo-Indian defense, Nimzovich variation"]
[ECO "E11"]
[Time "17:10:05"]
[TimeControl "2700+45"]

1. d4 Nf6 2. c4 e6 3. Nf3 Bb4+ 4. Bd2 Qe7 5. a3 Bxd2+ 6. Nbxd2 d5 7. c5 Nc6 8.
b4 e5 9. dxe5 Nxe5 10. Qc2 Nxf3+ 11. Nxf3 c6 12. e3 Bg4 13. Nd4 O-O 14. Bd3 Rfe8
15. h3 Bd7 16. O-O h6 17. a4 Ne4 18. Rfc1 Qg5 19. Bxe4 Rxe4 20. Nf3 Qh5 21. Nd2
Rh4 22. Nf3 Rc4 23. Qe2 Rxb4 24. Rab1 Rxb1 25. Rxb1 Rb8 26. a5 Qg6 27. Rb2 Bxh3
28. Nh4 Qg5 29. g3 Qe5 30. a6 bxa6 31. Rxb8+ Qxb8 32. Qxa6 g5 33. Qxc6 gxh4 34.
Qxh6 Qb1+ 35. Kh2 hxg3+ 36. Kxg3 Qg1+ 37. Kf4 Qxf2+ 38. Ke5 Qf5+ 39. Kd6 Qe6+
40. Qxe6 Bxe6 41. c6 a5 42. Kc5 f5 43. Kb5 Kg7 44. Kxa5 Kf6 45. Kb5 Ke5 46. Kc5
f4 47. exf4+ Kxf4 48. Kd6 Kf5 49. Kc5 Ke5 50. c7 Ke4 51. Kd6 Bh3 {White resigns}
0-1

[Event "Team 45 45 League T37"]
[Site "Internet Chess Club"]
[Date "2008.05.14"]
[Round "4"]
[White "QueensCounselor"]
[Black "Klampin"]
[Result "1-0"]
[WhiteElo "1837"]
[BlackElo "1977"]
[Opening "Owen defense"]
[ECO "B00"]
[Time "14:01:36"]
[TimeControl "2700+45"]

1. e4 b6 2. d4 Bb7 3. Nc3 e6 4. Nf3 Bb4 5. Bd3 c5 6. Bd2 Nf6 7. Qe2 cxd4 8. Nxd4
Nc6 9. Nxc6 Bxc6 10. O-O d5 11. Bb5 Rc8 12. exd5 Nxd5 13. Nxd5 Bxd2 14. Bxc6+
Rxc6 15. Qxd2 Qxd5 16. Qxd5 exd5 17. c3 Kd7 18. Rad1 Kd6 19. Rfe1 Rc4 20. Re2
Rhc8 21. Red2 R4c5 22. f4 a5 23. b4 axb4 24. cxb4 Rb5 25. a3 Rc3 26. Rd3 Rc4 27.
g3 Ke6 28. Kf2 h5 29. Kf3 g6 30. h3 f5 31. Re1+ Re4 32. Red1 Rc4 33. Re1+ Kd7
34. Red1 Kc6 35. Rd4 Rc3+ 36. R1d3 Rc4 37. g4 fxg4+ 38. hxg4 hxg4+ 39. Kxg4 Rc1
40. a4 {Black resigns} 1-0

[Event "Team 45 45 League T37"]
[Site "Internet Chess Club"]
[Date "2008.05.17"]
[Round "4"]
[White "superbeast"]
[Black "Rainbird"]
[Result "1-0"]
[WhiteElo "1765"]
[BlackElo "1765"]
[Opening "English opening"]
[ECO "A13"]
[Time "09:01:04"]
[TimeControl "2700+45"]

1. c4 e6 2. g3 f5 3. Bg2 Nf6 4. Nf3 d5 5. O-O c6 6. d3 Bd6 7. Nc3 O-O 8. cxd5
exd5 9. e4 dxe4 10. dxe4 Bc5 11. Qb3+ Kh8 12. e5 Ng4 13. h3 Nxf2 14. Rxf2 Qb6
15. Qxb6 Bxb6 16. Bf4 Na6 17. Rd1 Nc7 18. Nd4 Ne6 19. Be3 Rd8 20. Nxf5 {Black
resigns} 1-0

[Event "Team 45 45 League T37"]
[Site "Internet Chess Club"]
[Date "2008.05.16"]
[Round "4"]
[White "PandorasBox"]
[Black "andreip"]
[Result "1/2-1/2"]
[WhiteElo "2139"]
[BlackElo "2062"]
[Opening "Blackmar-Diemer gambit"]
[ECO "D00"]
[Time "15:36:11"]
[TimeControl "2700+45"]

1. d4 d5 2. Nc3 Nf6 3. e4 Nxe4 4. Nxe4 dxe4 5. Bc4 Nc6 6. c3 g6 7. Qb3 e6 8. Qc2
f5 9. Nh3 Bg7 10. O-O O-O 11. Bg5 Bf6 12. Bh6 Bg7 13. Be3 Ne7 14. f3 exf3 15.
Rxf3 Nd5 16. Re1 Re8 17. Bf4 Bd7 18. Bb3 Rc8 19. Bg5 Bf6 20. Bxf6 Qxf6 21. Nf2
b6 22. Qd2 Qg7 23. Nd3 Bc6 24. Ne5 Bb7 25. Qg5 Nf6 26. Rh3 c5 27. Bc4 cxd4 28.
cxd4 Ne4 29. Qe3 Bd5 30. b3 Red8 31. a4 Rd6 32. Rf3 Rcd8 33. Rd1 Qb7 34. Rff1 a6
35. Be2 b5 36. axb5 axb5 37. b4 Ra8 38. Ra1 Rda6 39. Rxa6 Qxa6 40. Rc1 Qd6 41.
Bxb5 Qxb4 42. Be2 f4 43. Nd3 fxe3 44. Nxb4 Nc3 45. Bg4 Na2 46. Nxa2 Rxa2 47. Bf3
Bxf3 48. gxf3 Kf7 49. Re1 Ra3 50. Kg2 Kf6 51. f4 Kf5 52. Kf3 e2+ 53. Kxe2 Rh3
54. Kd2 Rxh2+ 55. Kd3 Rh3+ 56. Kd2 Rh2+ 57. Kd3 Rh4 58. Re5+ Kf6 59. Ke4 Rh5 60.
Rg5 h6 61. Rg1 Rh4 62. Ke3 Kf5 63. Rc1 Rh3+ 64. Kf2 Kxf4 65. Re1 Kf5 66. Kg2 Rd3
67. Rf1+ Kg5 68. Re1 Rxd4 69. Rxe6 h5 70. Re3 h4 71. Kh3 Kh5 72. Ra3 g5 73. Ra5
Rd3+ 74. Kh2 h3 75. Ra2 Kh4 76. Ra4+ g4 77. Re4 Rd2+ 78. Kg1 Kg3 79. Re1 Rg2+
80. Kh1 Rf2 81. Rd1 Kf3 82. Rd3+ Ke2 83. Rg3 Rf4 84. Kg1 Rd4 85. Kh2 Kf2 86. Rb3
Rd2 87. Rg3 Kf1+ 88. Kh1 Rg2 89. Rf3+ Rf2 90. Rg3 Rf4 91. Kh2 Re4 92. Kh1 Ke2
93. Kg1 Rf4 {Game drawn by mutual agreement} 1/2-1/2

[Event "Team 45 45 League T37"]
[Site "Internet Chess Club"]
[Date "2008.05.18"]
[Round "4"]
[White "cityprosecutor"]
[Black "pishd"]
[Result "0-1"]
[WhiteElo "1754"]
[BlackElo "1837"]
[Opening "Caro-Kann: closed (Breyer) variation"]
[ECO "B10"]
[Time "07:04:51"]
[TimeControl "2700+45"]

1. e4 c6 2. d3 d5 3. Nd2 e5 4. g3 Bd6 5. Bg2 Nf6 6. Ngf3 O-O 7. O-O Qc7 8. h3
Be6 9. Re1 h6 10. Qe2 Nbd7 11. Nf1 dxe4 12. dxe4 Rfd8 13. g4 Nb6 14. b3 Bb4 15.
Bd2 Bxd2 16. N1xd2 Nbd7 17. Qe3 Qb6 18. Qc3 Qc5 19. Qb2 Ne8 20. Rad1 f6 21. a4
a5 22. Nf1 Nf8 23. Nh4 Bf7 24. Ne3 Ne6 25. Nhf5 Nf4 26. Bf1 Nd6 27. Nxd6 Rxd6
28. Rxd6 Qxd6 29. Rd1 Qc7 30. Rd2 Rd8 31. Qc1 Be6 32. Kh2 Rd4 33. Qd1 Rxe4 34.
Rd8+ Kf7 35. Bc4 Rd4 36. Rxd4 exd4 37. Bxe6+ Nxe6+ 38. Kg2 dxe3 {White resigns}
0-1

[Event "Team 45 45 League T37"]
[Site "Internet Chess Club"]
[Date "2008.05.18"]
[Round "4"]
[White "Bill-W"]
[Black "gugamircea"]
[Result "0-1"]
[WhiteElo "1683"]
[BlackElo "1734"]
[Opening "Sicilian: closed"]
[ECO "B23"]
[Time "07:00:56"]
[TimeControl "2700+45"]

1. e4 c5 2. Nc3 e6 3. f4 d5 4. Nf3 d4 5. Ne2 Nf6 6. Ng3 Be7 7. Bb5+ Nbd7 8. O-O
a6 9. Bxd7+ Bxd7 10. Ne5 O-O 11. Nxd7 Qxd7 12. f5 d3 13. e5 Qd4+ 14. Kh1 dxc2
15. Qe2 Nd5 16. d3 Rad8 17. f6 gxf6 18. Bh6 Rfe8 19. Ne4 f5 20. Qh5 Qxe5 21. Rf3
Kh8 22. Qxf7 fxe4 23. dxe4 Rf8 24. Bxf8 Rxf8 25. Qxe7 Nxe7 26. Rxf8+ Kg7 27.
Raf1 Qxb2 28. R1f7+ Kg6 29. h4 c1=Q+ 30. Kh2 Qcc2 31. h5+ Kg5 32. Rg7+ Qxg7 33.
Rg8 Qxg8 34. h6 Kf4 35. e5 Qgxg2# {White checkmated} 0-1

[Event "Team 45 45 League T37"]
[Site "Internet Chess Club"]
[Date "2008.05.17"]
[Round "4"]
[White "Victorianum"]
[Black "jacknor"]
[Result "0-1"]
[WhiteElo "1689"]
[BlackElo "1671"]
[Opening "Scandinavian: Pytel-Wade variation"]
[ECO "B01"]
[Time "11:03:22"]
[TimeControl "2700+45"]

1. e4 d5 2. exd5 Qxd5 3. Nc3 Qd6 4. d4 Nf6 5. Bc4 a6 6. Nge2 b5 7. Bf4 Qb6 8.
Nd5 Nxd5 9. Bxd5 Bb7 10. Nc3 e6 11. Bxb7 Qxb7 12. Qg4 Nd7 13. Qg3 b4 14. Ne2 c5
15. Bd6 Bxd6 16. Qxd6 cxd4 17. O-O-O Qb6 18. Qg3 O-O 19. Rxd4 Nf6 20. Rhd1 Rad8
21. Rd6 Rxd6 22. Rxd6 Qb7 23. f3 h6 24. Nd4 Rc8 25. Nf5 exf5 26. Rxf6 Qe7 27.
Rxh6 Qe3+ 28. Kb1 Qxh6 {White resigns} 0-1

[Event "Team 45 45 League T37"]
[Site "Internet Chess Club"]
[Date "2008.05.18"]
[Round "4"]
[White "Wheels"]
[Black "BIGGY"]
[Result "0-1"]
[WhiteElo "1804"]
[BlackElo "1828"]
[Opening "Caro-Kann: Tartakower (fantasy) variation"]
[ECO "B12"]
[Time "19:59:16"]
[TimeControl "2700+45"]

1. e4 c6 2. d4 d5 3. f3 dxe4 4. fxe4 e5 5. Nf3 exd4 6. Bc4 b5 7. Bb3 a5 8. O-O
Nf6 9. Ng5 Ra7 10. e5 Nd5 11. Qxd4 Na6 12. Kh1 Bc5 13. Qd1 h6 14. Ne4 Be6 15. a4
b4 16. Bc4 Be7 17. Qe2 Nc5 18. Nbd2 O-O 19. b3 Rd7 20. Bb2 Qc7 21. Rad1 Rfd8 22.
Ba1 Nxe4 23. Nxe4 Qb6 24. Bd4 c5 25. Bb2 Nf4 26. Qf3 Rxd1 27. Rxd1 Rxd1+ 28.
Qxd1 Bxc4 29. bxc4 Qc6 30. Qf3 Qxa4 31. Qxf4 Qxc2 32. Bc1 Qd1+ {White resigns}
0-1

[Event "Team 45 45 League T37"]
[Site "Internet Chess Club"]
[Date "2008.05.18"]
[Round "4"]
[White "OrangeKing"]
[Black "cgrau"]
[Result "0-1"]
[WhiteElo "1717"]
[BlackElo "1740"]
[Opening "Scandinavian (center counter) defense"]
[ECO "B01"]
[Time "20:08:38"]
[TimeControl "2700+45"]

1. e4 d5 2. exd5 Qxd5 3. Nc3 Qa5 4. Nf3 Nf6 5. Bc4 Bg4 6. O-O e6 7. d4 Bb4 8.
Qd3 Bf5 9. Qe3 O-O 10. Bd3 Bxc3 11. Bxf5 Qxf5 12. Qxc3 Nc6 13. Qb3 Rab8 14. c3
Nd5 15. Be3 Rfd8 16. Rfe1 Na5 17. Qa4 Nb6 18. Qd1 Nc6 19. Qe2 Nd5 20. Bd2 b5 21.
Rac1 b4 22. cxb4 Ncxb4 23. Bxb4 Rxb4 24. Rc4 Nf4 25. Qc2 Qg4 26. g3 Qxf3 27.
gxf4 Rxc4 28. Qxc4 Qg4+ 29. Kf1 Qxf4 30. Rc1 Rxd4 31. Qxc7 Rd1+ 32. Ke2 Rd2+
{White resigns} 0-1

[Event "Team 45 45 League T37"]
[Site "Internet Chess Club"]
[Date "2008.05.22"]
[Round "4"]
[White "Grenadier"]
[Black "CSCARChaplain"]
[Result "1-0"]
[WhiteElo "1682"]
[BlackElo "863"]
[Opening "Ruy Lopez: old Steinitz defense"]
[ECO "C62"]
[Time "19:52:09"]
[TimeControl "2700+45"]

1. e4 e5 2. Nf3 Nc6 3. Bb5 d6 4. O-O Bd7 5. c3 Be7 6. d4 Nb8 7. Bc4 Bf6 8. dxe5
dxe5 9. Qd5 Be6 10. Qxd8+ Kxd8 11. Bxe6 fxe6 12. Bg5 Nd7 13. Rd1 Ke8 14. b4 h6
15. Bh4 Bxh4 16. Nxh4 Ne7 17. Na3 c6 18. Nc4 g5 19. Nf3 Nc8 20. Ncxe5 Nxe5 21.
Nxe5 Nb6 22. a4 Rh7 23. a5 Nd7 24. Nc4 Rd8 25. Nd6+ Ke7 26. Rd2 Ne5 27. Rad1 b6
28. axb6 axb6 29. Nf5+ {Black resigns} 1-0

[Event "Team 45 45 League T37"]
[Site "Internet Chess Club"]
[Date "2008.05.19"]
[Round "4"]
[White "RingLord"]
[Black "Mutaant"]
[Result "1-0"]
[WhiteElo "1589"]
[BlackElo "1355"]
[Opening "Vienna game"]
[ECO "C25"]
[Time "17:07:02"]
[TimeControl "2700+45"]

1. e4 e5 2. Nc3 Bc5 3. f4 Nc6 4. Nf3 exf4 5. d4 Bb4 6. Bxf4 Nf6 7. Bd3 d6 8. O-O
O-O 9. Ne2 Bg4 10. c3 Ba5 11. h3 Bh5 12. Bg5 h6 13. Bh4 g5 14. Nxg5 hxg5 15.
Bxg5 Kg7 16. Bxf6+ Kg8 {Black resigns} 1-0

[Event "Team 45 45 League T37"]
[Site "Internet Chess Club"]
[Date "2008.05.17"]
[Round "4"]
[White "yemisco1"]
[Black "civilization"]
[Result "1-0"]
[WhiteElo "1548"]
[BlackElo "1571"]
[Opening "Sicilian defense"]
[ECO "B20"]
[Time "13:04:58"]
[TimeControl "2700+45"]

1. e4 c5 2. Bc4 e6 3. Nc3 a6 4. a3 Nc6 5. Nf3 Nge7 6. d3 d5 7. exd5 Nxd5 8. Nxd5
exd5 9. Qe2+ Be7 10. Ba2 O-O 11. O-O Re8 12. Re1 Bg4 13. Qd2 Bxf3 14. gxf3 Qd7
15. Kg2 Qf5 16. Qf4 Qg6+ 17. Qg4 Qd6 18. Bf4 Qd8 19. c3 d4 20. Bh6 g6 21. Bxf7+
Kxf7 22. Qe6# {Black checkmated} 1-0

[Event "Team 45 45 League T37"]
[Site "Internet Chess Club"]
[Date "2008.05.20"]
[Round "4"]
[White "kublai"]
[Black "moreffee"]
[Result "1-0"]
[WhiteElo "1368"]
[BlackElo "1248"]
[Opening "Budapest: Fajarowicz variation"]
[ECO "A51"]
[Time "17:00:36"]
[TimeControl "2700+45"]

1. d4 Nf6 2. c4 e5 3. dxe5 Ne4 4. Nf3 b6 5. e3 Bb7 6. Be2 d6 7. exd6 Bxd6 8. O-O
Nc6 9. a3 Qf6 10. Qc2 Ne5 11. Nbd2 Ng5 12. Nxg5 Qxg5 13. Ne4 Bxe4 14. Qxe4 O-O
15. f4 Qh6 16. fxe5 Rae8 17. Qf4 g5 18. Qf6 Qxh2+ 19. Kxh2 Bxe5+ 20. Qxe5 Rxe5
21. Bd3 f5 22. b4 Rf6 23. Bb2 Rh6+ 24. Kg1 Rxe3 25. Bxf5 Rd6 26. Rad1 {Black
resigns} 1-0

[Event "Team 45 45 League T37"]
[Site "Internet Chess Club"]
[Date "2008.05.19"]
[Round "4"]
[White "seldredg"]
[Black "theartist"]
[Result "1/2-1/2"]
[WhiteElo "1320"]
[BlackElo "1176"]
[Opening "English: ultra-symmetrical variation"]
[ECO "A36"]
[Time "12:30:58"]
[TimeControl "2700+45"]

1. c4 c5 2. g3 g6 3. Bg2 Bg7 4. Nc3 Nc6 5. a3 e5 6. d3 Nge7 7. Bg5 d6 8. Ne4 O-O
9. Qd2 Re8 10. Bf6 Qc7 11. Bh3 Nf5 12. Bxg7 Kxg7 13. Qg5 Rd8 14. Nf3 Qe7 15. Qd2
d5 16. cxd5 Rxd5 17. Nc3 Rd8 18. e4 Nfd4 19. Nxd4 Bxh3 20. Nd5 Qd7 21. Nf3 Bg2
22. Ke2 Nd4+ 23. Nxd4 Bxh1 24. Nf5+ gxf5 25. Qg5+ Kh8 26. Qf6+ Kg8 27. Qg5+ Kh8
28. Qf6+ Kg8 29. Qg5+ Kh8 30. Qf6+ Kg8 31. Qg5+ {Game drawn by repetition}
1/2-1/2

[Event "Team 45 45 League T37"]
[Site "Internet Chess Club"]
[Date "2008.05.19"]
[Round "4"]
[White "ErycC"]
[Black "strudel"]
[Result "1-0"]
[WhiteElo "1410"]
[BlackElo "1428"]
[Opening "Sicilian: Najdorf, Opocensky variation"]
[ECO "B92"]
[Time "08:03:36"]
[TimeControl "2700+45"]

1. e4 c5 2. Nf3 d6 3. d4 cxd4 4. Nxd4 Nf6 5. Nc3 a6 6. Be2 e5 7. Nb3 Be7 8. Bg5
O-O 9. Bxf6 Bxf6 10. Qd3 Qc7 11. O-O-O Bg5+ 12. Kb1 Rd8 13. Nd5 Qc6 14. h4 Qb5
15. Qxb5 axb5 16. hxg5 Bd7 17. Nb6 Ra7 18. Nxd7 Rxd7 19. Bxb5 Rd8 20. Rh3 Kf8
21. Rxh7 Nc6 22. Rh8+ Ke7 23. Rxd8 Kxd8 24. Bxc6 bxc6 25. Rxd6+ Kc7 {Black
resigns} 1-0